 Dungeon Crawl Stone Soup version 0.19-a0-1815-g4007336 (webtiles) character file.

7046 Amnesiac the Thaumaturge (level 10, 0/63 HPs)
             Began as a Mummy Wizard on Oct 5, 2016.
             Was a Priest of Kikubaaqudgha.
             Slain by a hippogriff (6 damage)
             ... on level 9 of the Dungeon.
             The game lasted 00:34:23 (10732 turns).

Amnesiac the Thaumaturge (Mummy Wizard)            Turns: 10732, Time: 00:34:23

Health: 0/63       AC:  5    Str: 11    XL:     10   Next: 83%
Magic:  2/25       EV: 12    Int: 17    God:    Kikubaaqudgha [***...]
Gold:   567        SH:  5    Dex: 14    Spells: 11 memorised, 3 levels left

rFire  x . .     SeeInvis .     k - +2 dagger (venom)
rCold  + . .     Gourm    .     a - +0 robe
rNeg   + + +     Faith    .     (no shield)
rPois  ∞         Spirit   .     b - +0 hat
rElec  +         Dismiss  .     i - +0 cloak of the Nexus {rElec Regen+ Slay+3}
rCorr  .         Reflect  +     h - +1 pair of gloves
MR     +....     Harm     .     (no boots)
Stlth  ++........               g - +5 amulet of reflection
                                (no ring)
                                (no ring)

@: very slightly contaminated
A: no food or potions, fire vulnerability, cold resistance 1, negative energy
resistance 3, torment resistance, unbreathing
a: Receive Corpses, Renounce Religion


You were on level 9 of the Dungeon.
You worshipped Kikubaaqudgha.
Kikubaaqudgha was most pleased with you.
You were not hungry.

You visited 2 branches of the dungeon, and saw 10 of its levels.
You also visited: Ossuary.

You collected 567 gold pieces.

Inventory:

Hand Weapons
 k - a +2 dagger of venom (weapon)
 m - a +0 quarterstaff
 E - a cursed -3 blowgun
Missiles
 e - a throwing net
 f - 7 javelins (quivered)
 D - 3 curare-tipped needles
Armour
 a - a +0 robe (worn)
 b - a +0 hat (worn)
 h - a +1 pair of gloves (worn)
 i - the +0 cloak of the Nexus (worn) {rElec Regen+ Slay+3}
   (You found it on level 6 of the Dungeon)

   It affects your accuracy and damage with ranged weapons and melee attacks
   (+3).
   It insulates you from electricity.
   It increases your rate of regeneration.
Jewellery
 g - a +5 amulet of reflection (around neck)
 r - an uncursed ring of stealth
 u - an uncursed amulet of magic regeneration
Wands
 j - a wand of slowing (21/48)
 s - a wand of disintegration (14/24)
 F - a wand of iceblast (8/15)
Scrolls
 c - a scroll of amnesia {unknown}
 d - a scroll of remove curse
 l - 5 scrolls of identify
 n - a scroll of enchant weapon {unknown}
 t - 3 scrolls of teleportation
 v - 2 scrolls of magic mapping
 w - a scroll of brand weapon {unknown}
 z - a scroll of immolation {unknown}
 A - 2 scrolls of fear
 H - a scroll of recharging
Books
 p - a book of Misfortune

   Spells                             Type                      Level
   a - Confusing Touch                Hexes                        1
   b - Confuse                        Hexes                        3
   c - Gell's Gravitas                Hexes/Translocation          3
   d - Petrify                        Transmutation/Earth          4
   e - Metabolic Englaciation         Hexes/Ice                    5
   f - Yara's Violent Unravelling     Hexes/Transmutation          5
 y - Kikubaaqudgha's Compendium of Evil
   (Kikubaaqudgha gifted it to you on level 2 of the Dungeon)

   Spells                             Type                      Level
   a - Animate Skeleton               Necromancy                   1
   b - Pain                           Necromancy                   1
   c - Corpse Rot                     Necromancy                   2
   d - Vampiric Draining              Necromancy                   3
   e - Control Undead                 Necromancy                   4
 G - Kikubaaqudgha's Compendium of Stolen Souls
   (Kikubaaqudgha gifted it to you on level 8 of the Dungeon)

   Spells                             Type                      Level
   a - Bolt of Draining               Conjuration/Necromancy       5
   b - Agony                          Necromancy                   5
   c - Cigotuvi's Embrace             Necromancy                   5
   d - Dispel Undead                  Necromancy                   5
   e - Simulacrum                     Ice/Necromancy               6


   Skills:
 - Level 1.5 Dodging
 - Level 1.5 Stealth
 + Level 11.6 Spellcasting
 - Level 1.0 Conjurations
 - Level 0.7 Summonings
 - Level 11.0 Necromancy
 - Level 0.7 Translocations


You had 3 spell levels left.
You knew the following spells:

 Your Spells              Type           Power        Failure   Level  Hunger
a - Repel Missiles        Chrm/Air       #.....       14%         2    N/A
b - Blink                 Tloc           N/A          10%         2    N/A
c - Confusing Touch       Hex            #.....       10%         1    N/A
d - Call Imp              Summ           ##......     10%         2    N/A
e - Mephitic Cloud        Conj/Pois/Air  ##......     21%         3    N/A
f - Vampiric Draining     Necr           #####.....   1%          3    N/A
g - Magic Dart            Conj           ##..         6%          1    N/A
h - Corpse Rot            Necr           N/A          1%          2    N/A
s - Conjure Flame         Conj/Fire      ##......     21%         3    N/A
w - Dispel Undead         Necr           #####...     2%          5    N/A
z - Bolt of Draining      Conj/Necr      ####......   21%         5    N/A

Dungeon Overview and Level Annotations

Branches:
Dungeon (9/15)             Temple (1/1) D:7
   Lair: D:8-11         Orc: D:9-12

Altars:
Ashenzari
Cheibriados
Dithmenos
Elyvilon
Fedhas
Gozag
Hepliaklqana
Kikubaaqudgha
Makhleb
Nemelex Xobeh
Okawaru
Qazlal
Ru
Sif Muna
Trog
Uskayaw
Vehumet
Xom
Yredelemnul
Zin
The Shining One

Shops:
D:8 (


Innate Abilities, Weirdness & Mutations

You do not eat or drink.
Your flesh is vulnerable to fire.
You are immune to poison.
Your flesh is cold resistant. (rC+)
You are immune to negative energy. (rN+++)
You are immune to unholy pain and torment.
You can survive without breathing.


Message History

Aim: a hippogriff (heavily wounded)
The hippogriff is severely wounded.
You feel life coursing into your body. You block the hippogriff's attack.
The hippogriff pecks you. The hippogriff claws you.
Unknown command.
You barely miss the hippogriff.
The hippogriff is severely wounded.
The hippogriff completely misses you. The hippogriff barely misses you.
The hippogriff claws you but does no damage.
Unknown command.
The crimson imp picks up a beetle and eats it.
You hit the hippogriff.
The hippogriff is poisoned.
The hippogriff is severely wounded.
The hippogriff bites you!
* * * LOW HITPOINT WARNING * * *
The hippogriff pecks you!
* * * LOW HITPOINT WARNING * * *
The hippogriff claws you.
You die...
Kikubaaqudgha rasps: "You have failed me!
Welcome... oblivion!"

#####....###+ ##............
###............. #....).)..#####.
##..).))...#
############......#†###.....
######.................#.....)...
..........>............#.........
...###########5H@.....##.........
...'...... ####...(.#........#.
...'...... #....(#........#.
...#...... #.....#.(......#.
...#...... #....(#..).....#.
...#...... #.....#..(.....#. 5..#
..... #.....#.†<.....#. ...#
..... #.....#..(.....). ...# ....
#.....#..........


You could see a hippogriff and a crimson imp.

Vanquished Creatures
  The ghost of IKeelU2 the Severer, a novice HOCK of Xom (D:8)
  Pikel (D:6)
  A cyclops (D:8)
  Maurice (D:8)
  Joseph (D:7)
  A spriggan (D:7)
  A hungry ghost (D:8)
  3 orc warriors
  A sky beast (D:4)
  A black bear (D:7)
  2 ice beasts
  2 phantoms
  7 ogres
  4 centaurs
  3 big kobolds (D:8)
  5 bullfrogs
  16 killer bees
  3 wights
  2 howler monkeys
  4 crimson imps
  2 bullfrog zombies
  2 hounds
  4 jellies
  5 orc priests
  A bullfrog skeleton (D:4)
  2 centaur skeletons
  4 iguanas
  10 orc wizards
  7 worker ants
  A worker ant zombie (D:8)
  A gnoll (D:1)
  6 adders
  2 shadow imps
  An adder zombie (D:6)
  An adder skeleton (D:6)
  3 worms
  A dart slug (D:1)
  8 leopard geckos
  22 orcs
  2 ball pythons (D:4)
  12 bats
  5 giant cockroaches
  5 goblins
  7 hobgoblins
  13 jackals
  12 kobolds
  2 quokkas
  4 frilled lizards
  A quokka zombie (D:8)
  2 rats (D:2)
208 creatures vanquished.

Vanquished Creatures (collateral kills)
  A centaur (D:6)
  A killer bee (D:7)
  A howler monkey (D:4)
  A quasit (D:8)
  2 hounds
  2 iguanas (D:6)
  A worker ant (D:4)
  4 adders
  A quokka (D:4)
14 creatures vanquished.

Vanquished Creatures (others)
  A howler monkey (D:8)
  An orc (D:9)
  A goblin (D:2)
3 creatures vanquished.

Grand Total: 225 creatures vanquished

Notes
Turn   | Place    | Note
-------+----------+-------------------------------------------
     0 | D:1      | Amnesiac the Mummy Wizard began the quest for the Orb.
     0 | D:1      | Reached XP level 1. HP: 13/13 MP: 4/4
    18 | D:1      | Reached skill level 1 in Conjurations
   374 | D:1      | Reached XP level 2. HP: 19/19 MP: 1/6
   425 | D:2      | Learned a level 2 spell: Call Imp
   526 | D:3      | Found a bloodstained altar of Trog.
   706 | D:3      | Found a faded altar of an unknown god.
  1012 | D:4      | Reached XP level 3. HP: 24/24 MP: 0/8
  1017 | D:4      | Learned a level 3 spell: Mephitic Cloud
  1021 | D:4      | Learned a level 3 spell: Conjure Flame
  1104 | D:4      | Noticed a sky beast
  1366 | D:4      | Found a shimmering altar of Xom.
  1368 | D:4      | Found a basalt altar of Yredelemnul.
  1368 | D:4      | Found a white marble altar of Elyvilon.
  1371 | D:4      | Found a snail-covered altar of Cheibriados.
  1371 | D:4      | Found an ancient bone altar of Kikubaaqudgha.
  1371 | D:4      | Found a shimmering altar of Xom.
  1527 | D:4      | Killed a sky beast
  1527 | D:4      | Reached skill level 5 in Spellcasting
  1527 | D:4      | Reached XP level 4. HP: 30/30 MP: 6/11
  1535 | D:4      | Learned a level 2 spell: Repel Missiles
  1538 | D:4      | Learned a level 2 spell: Blink
  1963 | D:4      | Reached XP level 5. HP: 21/35 MP: 2/12
  2632 | D:5      | Entered Level 5 of the Dungeon
  2680 | D:5      | Noticed an ogre
  3067 | D:4      | Noticed a phantom
  3091 | D:5      | Reached XP level 6. HP: 41/41 MP: 11/15
  3207 | D:5      | Found a sand-covered staircase.
  3219 | Ossuary  | Entered an ossuary
  3426 | D:5      | Noticed an ice beast
  3543 | D:6      | Got a translucent cloak
  3549 | D:6      | Identified the +0 cloak of the Nexus {rElec Regen+ Slay+3} (You found it on level 6 of the Dungeon)
  3663 | D:6      | Found a shattered altar of Ashenzari.
  3665 | D:6      | Found a sacrificial altar of Ru.
  3667 | D:6      | Found a shadowy altar of Dithmenos.
  3941 | D:6      | Found a hazy altar of Hepliaklqana.
  4131 | D:6      | Learned a level 1 spell: Confusing Touch
  4442 | D:5      | Found a shimmering altar of Xom.
  4714 | D:5      | Killed an ice beast
  4714 | D:5      | Reached XP level 7. HP: 42/46 MP: 15/18
  5538 | D:7      | Reached XP level 8. HP: 52/52 MP: 19/21
  5702 | D:7      | Found a staircase to the Ecumenical Temple.
  5730 | D:7      | Reached skill level 10 in Spellcasting
  5777 | Temple   | Entered the Ecumenical Temple
  5843 | D:7      | Noticed Joseph
  5959 | D:3      | Found an ancient bone altar of Kikubaaqudgha.
  5964 | D:3      | Became a worshipper of Kikubaaqudgha
  6624 | D:2      | Reached * piety under Kikubaaqudgha
  6624 | D:2      | Identified Kikubaaqudgha's Compendium of Evil (Kikubaaqudgha gifted it to you on level 2 of the Dungeon)
  6624 | D:2      | Received a gift from Kikubaaqudgha
  7003 | D:3      | Found a basalt altar of Yredelemnul.
  7105 | D:3      | Found a white marble altar of Elyvilon.
  7530 | D:7      | Noticed Pikel
  7564 | D:6      | Killed Pikel
  7564 | D:6      | Reached skill level 5 in Necromancy
  7564 | D:6      | Reached XP level 9. HP: 56/57 MP: 23/23
  7569 | D:6      | Learned a level 3 spell: Vampiric Draining
  7575 | D:6      | Learned a level 2 spell: Corpse Rot
  7684 | D:7      | Killed Joseph
  7895 | D:7      | Reached ** piety under Kikubaaqudgha
  8173 | D:8      | Noticed Maurice
  8200 | D:8      | Killed Maurice
  8224 | D:8      | Noticed IKeelU2's ghost (novice HOCK)
  8273 | D:8      | Noticed a cyclops
  8290 | D:8      | Killed a cyclops
  8290 | D:8      | Reached XP level 10. HP: 46/63 MP: 4/24
  8803 | D:8      | Reached skill level 10 in Necromancy
  8883 | D:8      | Found Purph's Antique Weapon Boutique.
  9389 | D:8      | Reached *** piety under Kikubaaqudgha
  9389 | D:8      | Identified Kikubaaqudgha's Compendium of Stolen Souls (Kikubaaqudgha gifted it to you on level 8 of the Dungeon)
  9389 | D:8      | Received a gift from Kikubaaqudgha
  9397 | D:8      | Learned a level 5 spell: Dispel Undead
  9403 | D:8      | Learned a level 5 spell: Bolt of Draining
 10091 | D:8      | Killed IKeelU2's ghost
 10732 | D:9      | Slain by a hippogriff

Vault maps used:
D:1:      saegor_arrival_simple_d
D:3:      old_standard_altar, kiku_gazebo_garden_becter,
          nicolae_overflow_hidden_temple, lemuel_coloured_pillars_altar,
          ecumenical_altar_1, kennysheep_generic_room_10
D:4:      first_bread, doesnt_xom_only_xom
D:5:      overflow_temple_1_default, enter_ossuary_1
D:6:      grunt_temple_overflow_open, basic_altar
D:7:      the_bakery, abandoned_shop, grunt_potential, uniq_pikel, uniq_joseph
D:8:      serial_shops, nicolae_shop_trees, uniq_maurice
D:9:      lemuel_ogre_cave, serial_column_ruins, column_ruins_hut_ruined,
          column_ruins_hut, column_ruins_corridor_straight,
          column_ruins_open_small, column_ruins_open_small,
          column_ruins_columns_straight, column_ruins_open_small
Temple:   cyrus_circular_temple
Ossuary:  ossuary_minmay_four_chambers

Skill      XL: |  1  2  3  4  5  6  7  8  9 10 |
---------------+-------------------------------+-----
Conjurations   | 1 |  1.0
Spellcasting   | 5 6 7 9 10 11 | 11.6
Necromancy     | 5 9 11 | 11.0
Dodging        | |  1.5
Stealth        | |  1.5
Summonings     | |  0.7
Translocations | |  0.7

Action                   |  1- 3 |  4- 6 |  7- 9 | 10-12 || total
-------------------------+-------+-------+-------+-------++-------
Melee: Dagger            |     5 |    52 |    44 |   294 ||   395
       Quarterstaff      |       |    36 |   315 |       ||   351
Throw: Javelin           |    11 |       |       |       ||    11
 Cast: Magic Dart        |    33 |    15 |     2 |     1 ||    51
       Call Imp          |     6 |    30 |     2 |     3 ||    41
       Conjure Flame     |     2 |     7 |     2 |     5 ||    16
       Mephitic Cloud    |     1 |    20 |    33 |    12 ||    66
       Repel Missiles    |       |     1 |     3 |     3 ||     7
       Blink             |       |       |     1 |       ||     1
       Vampiric Draining |       |       |     9 |    26 ||    35
       Dispel Undead     |       |       |       |     5 ||     5
       Bolt of Draining  |       |       |       |     2 ||     2
  Use: Scroll            |     4 |     4 |       |     2 ||    10
 Stab: Confused          |       |     2 |    16 |     5 ||    23
       Sleeping          |       |       |     5 |     1 ||     6
       Distracted        |       |       |     1 |       ||     1
Armor: Robe              |    17 |    41 |    89 |    82 ||   229
Dodge: Dodged            |    23 |   118 |   217 |   198 ||   556
       Deflected         |       |       |     4 |    10 ||    14
Block: Other             |     1 |    49 |    94 |    80 ||   224
       Reflection        |       |       |     3 |     5 ||     8
